| TOP OF THE 1ST |
|
St. Cloud Rox batting - Pitching for Huron Cubs : RHP Ben Callahan
|
|
Pitching: RHP Ben Callahan
|
|
|
Batting: LHB Doran Perdue
|
0-0: Foul Ball, location: 2F 0-1: Ground out 6-3 (Groundball, 6, EV 101.3 MPH)
|
|
Batting: RHB Roy Clark
|
0-0: Called Strike 0-1: Foul Ball, location: 2F 0-2: Ball 1-2: Foul Ball, location: 2F 1-2: Ground out 4-3 (Groundball, 4, EV 101.9 MPH)
|
|
Batting: SHB R J Reynolds
|
0-0: Swinging Strike 0-1: Fly out, F9 (Flyball, 9D, EV 107.5 MPH)
|
| Top of the 1st over - 0 runs, 0 hits, 0 errors, 0 left on base; St. Cloud 0 - Huron 0 |
| BOTTOM OF THE 1ST |
|
Huron Cubs batting - Pitching for St. Cloud Rox : RHP Lawrence Crews
|
|
Pitching: RHP Lawrence Crews
|
|
|
Batting: LHB Gary Varsho
|
0-0: Called Strike 0-1: Ball 1-1: Bunt missed! 1-2: Strikes out swinging
|
|
Batting: RHB Mike Stellern
|
0-0: Ball 1-0: DOUBLE (Flyball, 89D, EV 92.5 MPH)
|
|
Batting: RHB Mark Carreon
|
0-0: Ball 1-0: Called Strike 1-1: Foul Ball, location: 2F 1-2: DOUBLE (Line Drive, 3D, EV 103.1 MPH) Mike Stellern scores
|
|
Batting: RHB Ivan Calderon
|
0-0: Called Strike Mark Carreon steals 3rd base 0-1: Ball 1-1: Ball 2-1: Ball 3-1: SINGLE (Line Drive, 34D, EV 93.8 MPH) Mark Carreon scores
|
|
Batting: RHB Greg Zunino
|
0-0: Ball 1-0: Ball 2-0: Ball 3-0: Called Strike 3-1: Base on Balls Ivan Calderon to second
|
|
Batting: RHB Phillip Wilson
|
0-0: Ball 1-0: Ball 2-0: Grounds into double play, 5-4-3 (Groundball, 56, EV 103.8 MPH)
|
| Bottom of the 1st over - 2 runs, 3 hits, 0 errors, 1 left on base; St. Cloud 0 - Huron 2 |
| TOP OF THE 2ND |
|
St. Cloud Rox batting - Pitching for Huron Cubs : RHP Ben Callahan
|
|
Batting: RHB Ron Gardenhire
|
0-0: Ground out 5-3 (Groundball, 56S, EV 87.5 MPH)
|
|
Batting: LHB Ricardo Perrez
|
0-0: Ground out 4-3 (Groundball, 34, EV 103.1 MPH)
|
|
Batting: RHB Lorenzo Gray
|
0-0: Ground out 5-3 (Groundball, 56, EV 108.8 MPH)
|
| Top of the 2nd over - 0 runs, 0 hits, 0 errors, 0 left on base; St. Cloud 0 - Huron 2 |
| BOTTOM OF THE 2ND |
|
Huron Cubs batting - Pitching for St. Cloud Rox : RHP Lawrence Crews
|
|
Batting: RHB Scot Holliday
|
0-0: Ball 1-0: Ball 2-0: Foul Ball, location: 2F 2-1: Foul Ball, location: 2F 2-2: Reached on error, E5 (Groundball, 5, EV 102.5 MPH)
|
|
Batting: SHB Keith Smith
|
0-0: Ball 1-0: Called Strike 1-1: Ball 2-1: Ball Wild Pitch! Scot Holliday to third 3-1: Foul Ball, location: 2F 3-2: Foul Ball, location: 2F 3-2: Fly out, F8 (Flyball, 8LM, EV 92.5 MPH) Runner from 3rd tags up, SCORES, throw by CF
|
|
Batting: SHB Chris Pittaro
|
0-0: Foul Ball, location: 2F 0-1: Ball 1-1: SINGLE (Line Drive, 7S, EV 111.9 MPH)
|
|
Batting: LHB Gary Varsho
|
0-0: Ball 1-0: Called Strike 1-1: Foul Ball, location: 2F 1-2: Foul Ball, location: 2F 1-2: Ball 2-2: Ball 3-2: SINGLE (Groundball, 6MD, EV 99.4 MPH) Chris Pittaro to second Chris Pittaro to third
|
|
Batting: RHB Mike Stellern
|
0-0: Called Strike 0-1: Ball Gary Varsho steals 2nd base (no throw) 1-1: Swinging Strike 1-2: Ball 2-2: Ground out 4-3 (Groundball, 34, EV 106.3 MPH) Chris Pittaro scores Gary Varsho to third
|
|
Batting: RHB Mark Carreon
|
0-0: Ball 1-0: Ball 2-0: Called Strike 2-1: Foul Ball, location: 2F 2-2: Ground out 3-1 (Groundball, 34S, EV 85.6 MPH)
|
| Bottom of the 2nd over - 2 runs, 2 hits, 1 error, 1 left on base; St. Cloud 0 - Huron 4 |
| TOP OF THE 3RD |
|
St. Cloud Rox batting - Pitching for Huron Cubs : RHP Ben Callahan
|
|
Batting: RHB Bill Worden
|
0-0: Foul Ball, location: 2F 0-1: Swinging Strike 0-2: Ball 1-2: Foul Ball, location: 2F 1-2: Ground out 6-3 (Groundball, 56, EV 101.9 MPH)
|
|
Batting: RHB Douglas Morganti
|
0-0: Swinging Strike 0-1: Swinging Strike 0-2: Ball 1-2: Ball 2-2: Strikes out swinging
|
|
Batting: RHB Rich Velasquez
|
0-0: Foul Ball, location: 2F 0-1: Foul Ball, location: 2F 0-2: Foul Ball, location: 2F 0-2: Ground out 6-3 (Groundball, 6, EV 87.5 MPH)
|
| Top of the 3rd over - 0 runs, 0 hits, 0 errors, 0 left on base; St. Cloud 0 - Huron 4 |
| BOTTOM OF THE 3RD |
|
Huron Cubs batting - Pitching for St. Cloud Rox : RHP Lawrence Crews
|
|
Batting: RHB Ivan Calderon
|
0-0: Ball 1-0: Called Strike 1-1: Ball 2-1: Foul Ball, location: 2F 2-2: Ball 3-2: Foul Ball, location: 2F 3-2: Fly out, F2 (Popup, 2LF, EV 80.6 MPH)
|
|
Batting: RHB Greg Zunino
|
0-0: Ball 1-0: SINGLE (Groundball, 4MS, EV 68.8 MPH) (infield hit)
|
|
Batting: RHB Phillip Wilson
|
0-0: Fly out, F6 (Popup, 6, EV 58.8 MPH)
|
|
Batting: RHB Scot Holliday
|
0-0: Called Strike 0-1: Called Strike 0-2: Ball 1-2: Ball 2-2: Foul Ball, location: 2F 2-2: Ball 3-2: DOUBLE (Line Drive, 78M, EV 96.3 MPH) Greg Zunino to third Greg Zunino scores
|
|
Batting: SHB Keith Smith
|
0-0: Swinging Strike 0-1: SINGLE (Groundball, 4MD, EV 101.3 MPH) Scot Holliday to third Runner from 3rd tries for Home, SAFE, throw by CF to home
|
|
Batting: SHB Chris Pittaro
|
0-0: Ball 1-0: Ground out U3 (Groundball, 3L, EV 81.9 MPH)
|
| Bottom of the 3rd over - 2 runs, 3 hits, 0 errors, 1 left on base; St. Cloud 0 - Huron 6 |
| TOP OF THE 4TH |
|
St. Cloud Rox batting - Pitching for Huron Cubs : RHP Ben Callahan
|
|
Batting: LHB Doran Perdue
|
0-0: Called Strike 0-1: Ground out 4-3 (Groundball, 4, EV 91.3 MPH)
|
|
Batting: RHB Roy Clark
|
0-0: SINGLE (Groundball, 5S, EV 68.1 MPH) (infield hit)
|
|
Batting: SHB R J Reynolds
|
0-0: Ball 1-0: Fly out, F7 (Flyball, 7S, EV 91.9 MPH)
|
|
Batting: RHB Ron Gardenhire
|
0-0: Ball 1-0: Fly out, F8 (Flyball, 8LS, EV 86.9 MPH)
|
| Top of the 4th over - 0 runs, 1 hit, 0 errors, 1 left on base; St. Cloud 0 - Huron 6 |
| BOTTOM OF THE 4TH |
|
Huron Cubs batting - Pitching for St. Cloud Rox : RHP Lawrence Crews
|
|
Batting: LHB Gary Varsho
|
0-0: Called Strike 0-1: Called Strike 0-2: Ball 1-2: Ball 2-2: Ball 3-2: Base on Balls
|
|
Batting: RHB Mike Stellern
|
0-0: Ball 1-0: Ball 2-0: Called Strike 2-1: Called Strike Gary Varsho is caught stealing 2nd base 2-4 2-2: Foul Ball, location: 2F 2-2: Foul Ball, location: 2F 2-2: Strikes out swinging
|
|
Batting: RHB Mark Carreon
|
0-0: Ball 1-0: Ball 2-0: Fly out, F3 (Popup, 3F, EV 66.3 MPH)
|
| Bottom of the 4th over - 0 runs, 0 hits, 0 errors, 0 left on base; St. Cloud 0 - Huron 6 |
| TOP OF THE 5TH |
|
St. Cloud Rox batting - Pitching for Huron Cubs : RHP Ben Callahan
|
|
Batting: LHB Ricardo Perrez
|
0-0: Ground out 4-3 (Groundball, 4, EV 80.0 MPH)
|
|
Batting: RHB Lorenzo Gray
|
0-0: Called Strike 0-1: Ball 1-1: Ball 2-1: Ball 3-1: Base on Balls
|
|
Batting: RHB Bill Worden
|
0-0: Called Strike 0-1: Ball 1-1: Ball 2-1: Swinging Strike 2-2: Ball Lorenzo Gray is caught stealing 2nd base 2-4 3-2: Foul Ball, location: 2F 3-2: Strikes out looking
|
| Top of the 5th over - 0 runs, 0 hits, 0 errors, 0 left on base; St. Cloud 0 - Huron 6 |
| BOTTOM OF THE 5TH |
|
Huron Cubs batting - Pitching for St. Cloud Rox : RHP Lawrence Crews
|
|
Batting: RHB Ivan Calderon
|
0-0: Ball 1-0: Ball 2-0: Foul Ball, location: 2F 2-1: SINGLE (Flyball, 6D, EV 83.1 MPH)
|
|
Batting: RHB Greg Zunino
|
0-0: Ball 1-0: Ball 2-0: Swinging Strike 2-1: DOUBLE (Line Drive, 89D, EV 105.0 MPH) Ivan Calderon to third Runner from 3rd tries for Home, SAFE, throw by CF to home
|
|
Pitching: RHP Mark Saunders
|
|
|
Batting: RHB Phillip Wilson
|
0-0: Called Strike 0-1: Called Strike 0-2: Fly out, F8 (Flyball, 8LD, EV 87.5 MPH)
|
|
Batting: RHB Scot Holliday
|
0-0: Foul Ball, location: 2F 0-1: Ball 1-1: Foul Ball, location: 2F 1-2: Ball 2-2: Fly out, F7 (Flyball, 7S, EV 85.0 MPH)
|
|
Batting: SHB Keith Smith
|
0-0: Called Strike 0-1: Called Strike 0-2: SINGLE (Flyball, 6D, EV 88.8 MPH) Greg Zunino to third Runner from 3rd tries for Home, SAFE, throw by LF to home
|
|
Batting: SHB Chris Pittaro
|
0-0: Ball 1-0: Called Strike 1-1: Fly out, F7 (Flyball, 7D, EV 102.5 MPH)
|
| Bottom of the 5th over - 2 runs, 3 hits, 0 errors, 1 left on base; St. Cloud 0 - Huron 8 |
| TOP OF THE 6TH |
|
St. Cloud Rox batting - Pitching for Huron Cubs : RHP Ben Callahan
|
|
Batting: RHB Douglas Morganti
|
0-0: Foul Ball, location: 2F 0-1: SINGLE (Groundball, 6MD, EV 98.1 MPH)
|
|
Batting: RHB Rich Velasquez
|
0-0: Ball 1-0: Ball 2-0: Swinging Strike 2-1: Grounds into double play, 6-4-3 (Groundball, 56, EV 103.8 MPH)
|
|
Batting: LHB Doran Perdue
|
0-0: Ball 1-0: Called Strike 1-1: Fly out, F8 (Flyball, 8RD, EV 90.0 MPH)
|
| Top of the 6th over - 0 runs, 1 hit, 0 errors, 0 left on base; St. Cloud 0 - Huron 8 |
| BOTTOM OF THE 6TH |
|
Huron Cubs batting - Pitching for St. Cloud Rox : RHP Mark Saunders
|
|
Batting: LHB Gary Varsho
|
0-0: Foul Ball, location: 2F 0-1: Ball 1-1: Fly out, F8 (Line Drive, 8LD, EV 90.6 MPH)
|
|
Batting: RHB Mike Stellern
|
0-0: Ball 1-0: Fly out, F7 (Flyball, 7D, EV 100.6 MPH)
|
|
Batting: RHB Mark Carreon
|
0-0: Called Strike 0-1: Ball 1-1: Foul Ball, location: 2F 1-2: Fly out, F3 (Line Drive, 3, EV 67.5 MPH)
|
| Bottom of the 6th over - 0 runs, 0 hits, 0 errors, 0 left on base; St. Cloud 0 - Huron 8 |
| TOP OF THE 7TH |
|
St. Cloud Rox batting - Pitching for Huron Cubs : RHP Ben Callahan
|
|
Batting: RHB Roy Clark
|
0-0: Ball 1-0: Called Strike 1-1: Foul Ball, location: 2F 1-2: Ball 2-2: Fly out, F4 (Flyball, 34D, EV 89.4 MPH)
|
|
Pinch Hitting: RHB Butch Benton
|
0-0: Ball 1-0: Ground out 4-3 (Groundball, 4, EV 91.9 MPH)
|
|
Batting: RHB Ron Gardenhire
|
0-0: Ball 1-0: Ground out 5-3 (Groundball, 5S, EV 91.9 MPH)
|
| Top of the 7th over - 0 runs, 0 hits, 0 errors, 0 left on base; St. Cloud 0 - Huron 8 |
| BOTTOM OF THE 7TH |
|
Huron Cubs batting - Pitching for St. Cloud Rox : RHP Mark Saunders
|
|
Now in LF: Curtis Morgan
|
|
|
Batting: RHB Ivan Calderon
|
0-0: Called Strike 0-1: Ball 1-1: Ball 2-1: Foul Ball, location: 2F 2-2: Fly out, F9 (Flyball, 9, EV 90.0 MPH)
|
|
Batting: RHB Greg Zunino
|
0-0: Ball 1-0: Foul Ball, location: 2F 1-1: Foul Ball, location: 2F 1-2: Ball 2-2: SINGLE (Line Drive, 7LS, EV 88.1 MPH)
|
|
Pitching: RHP Doug Potestio
|
|
|
Batting: RHB Phillip Wilson
|
0-0: Foul Ball, location: 2F 0-1: Ball 1-1: Ball 2-1: 2-RUN HOME RUN (Flyball, 7LD, EV 88.8 MPH), Distance : 347 ft
|
|
Batting: RHB Scot Holliday
|
0-0: Ball 1-0: Foul Ball, location: 2F 1-1: Ball 2-1: Swinging Strike 2-2: Ball 3-2: Strikes out swinging
|
|
Batting: SHB Keith Smith
|
0-0: Fly out, F5 (Popup, 5DF, EV 58.8 MPH)
|
| Bottom of the 7th over - 2 runs, 2 hits, 0 errors, 0 left on base; St. Cloud 0 - Huron 10 |
| TOP OF THE 8TH |
|
St. Cloud Rox batting - Pitching for Huron Cubs : RHP Ben Callahan
|
|
Batting: LHB Ricardo Perrez
|
0-0: Called Strike 0-1: Ball 1-1: Ground out 6-3 (Groundball, P, EV 83.8 MPH)
|
|
Batting: RHB Lorenzo Gray
|
0-0: Called Strike 0-1: Foul Ball, location: 2F 0-2: Strikes out swinging
|
|
Batting: RHB Bill Worden
|
0-0: Foul Ball, location: 2F 0-1: Foul Ball, location: 2F 0-2: Ground out 5-3 (Groundball, 5, EV 91.9 MPH)
|
| Top of the 8th over - 0 runs, 0 hits, 0 errors, 0 left on base; St. Cloud 0 - Huron 10 |
| BOTTOM OF THE 8TH |
|
Huron Cubs batting - Pitching for St. Cloud Rox : RHP Doug Potestio
|
|
Batting: SHB Chris Pittaro
|
0-0: Called Strike 0-1: Ball 1-1: Foul Ball, location: 2F 1-2: Ball 2-2: Foul Ball, location: 2F 2-2: Foul Ball, location: 2F 2-2: Ground out 4-3 (Groundball, 4, EV 87.5 MPH)
|
|
Batting: LHB Gary Varsho
|
0-0: Called Strike 0-1: Foul Ball, location: 2F 0-2: Hit by Pitch
|
|
Batting: RHB Mike Stellern
|
0-0: Fly out, F9 (Flyball, 9LM, EV 86.9 MPH)
|
|
Batting: RHB Mark Carreon
|
0-0: Called Strike 0-1: 2-RUN HOME RUN (Flyball, 9LD, EV 110.0 MPH), Distance : 349 ft
|
|
Batting: RHB Ivan Calderon
|
0-0: Ground out 5-3 (Groundball, 5, EV 87.5 MPH)
|
| Bottom of the 8th over - 2 runs, 1 hit, 0 errors, 0 left on base; St. Cloud 0 - Huron 12 |
| TOP OF THE 9TH |
|
St. Cloud Rox batting - Pitching for Huron Cubs : RHP Ben Callahan
|
|
Batting: RHB Douglas Morganti
|
0-0: Ball 1-0: Ball 2-0: SINGLE (Groundball, 56D, EV 98.8 MPH)
|
|
Batting: RHB Rich Velasquez
|
0-0: Fly out, F9 (Flyball, 9S, EV 88.8 MPH)
|
|
Batting: LHB Doran Perdue
|
0-0: Swinging Strike 0-1: Called Strike 0-2: Foul Ball, location: 2F 0-2: Ball 1-2: Foul Ball, location: 2F 1-2: Foul Ball, location: 2F 1-2: SINGLE (Line Drive, 7S, EV 101.3 MPH) Douglas Morganti to second
|
|
Batting: RHB Roy Clark
|
0-0: Ball 1-0: Ball 2-0: Ball 3-0: Called Strike 3-1: Fielders Choice at 2nd, 1-6 (Groundball, 23, EV 68.1 MPH) Douglas Morganti to third
|
|
Batting: LHB Curtis Morgan
|
0-0: Ball 1-0: Ball 2-0: Foul Ball, location: 2F 2-1: Swinging Strike 2-2: Foul Ball, location: 2F 2-2: Ball 3-2: Foul Ball, location: 2F 3-2: 3-RUN HOME RUN (Flyball, 89XD, EV 93.1 MPH), Distance : 402 ft
|
|
Batting: RHB Ron Gardenhire
|
0-0: Foul Ball, location: 2F 0-1: Ball 1-1: Fly out, F7 (Flyball, 7, EV 87.5 MPH)
|
| Top of the 9th over - 3 runs, 3 hits, 0 errors, 0 left on base; St. Cloud 3 - Huron 12 |
|